cohdb
Replays
Latest Replays
All Replays
Popular Replays
Top Player Replays
Match Explorer
How It Works
Community
CoH3 Stats
Reddit
Sign in to upload your games and track your stats! →
Sign in with Steam
Match 43345159
Unlisted
Match 43345159
Overview
Messages
Build Orders
End
Kradschützen Motorcycle Team
Panzergrenadier Squad
Selects Armored Support Battlegroup
Panzergrenadier Squad
Construct Light Support Kompanie
Panzergrenadier Squad
Construct Mechanized Kompanie
254 Reconnaissance Tractor
8 Rad Armored Car
Selects Veteran Gunners
Panzerjäger Mechanized Group
Marder III Tank Destroyer
Selects Flammpanzer III Medium Tank
Panzerpioneer Squad
2.5-tonne Medical Truck
Juzzle
Foo
Silver
Dahlian
Bish Bash Bosh
JohnstyPonst
0
0
Comments
sign in to comment!
No comments posted yet!